Map: Deathaura LE

Players

SLicKcHeeZEE - Winner!

  • Race: Zerg Zerg
  • League: Bronze

A.I. 1 (Very Hard)

  • Race: Terran Terran

VOD

Have the link to the VOD?

Description

Time

  • Played on: Sept. 29, 2026, 12:40 a.m.
  • Length: 11:59
Show
View Real Time Build Order
Export as new Build Order

SLicKcHeeZEE Zerg - Winner!

Build Orders: Hatch First, Roach Hydra 

Get SALT Encoding   

  8  0:01  Drone  
  9  0:11  Drone  
  10  0:17  Drone  
  11  0:27  Overlord  
  11  0:33  Drone  
  12  0:45  Drone x2  
  14  0:51  Drone  
  15  1:13  Hatchery  
  15  1:16  Drone  
  15  1:20  Drone  
  16  1:26  Drone  
  17  1:40  Spawning Pool  
  17  1:42  Drone  
  17  1:46  Extractor  
  16  1:47  Drone  
  16  1:52  Drone  
  18  2:01  Drone  
  19  2:11  Overlord  
  19  2:26  Queen  
  19  2:28  Queen  
  23  2:30  Zergling x2  
  23  2:34  Drone x2  
  23  2:37  Drone  
  27  2:42  Extractor  
  26  2:44  Overlord  
  26  2:55  Roach Warren  
  25  3:04  Lair  
  25  3:10  Drone  
  26  3:13  Drone  
  26  3:15  Drone  
  28  3:36  Roach x3  
  28  3:37  Roach  
  36  3:41  Queen  
  36  3:47  Overlord  
  38  4:03  Hydralisk Den  
  38  4:04  Overlord  
  38  4:09  Drone x2  
  39  4:12  Drone  
  39  4:13  Drone  
  39  4:16  Drone  
  42  4:31  Hydralisk x2  
  42  4:34  Hydralisk  
  42  4:38  Hydralisk  
  50  4:46  Extractor  
  50  4:51  Drone x3  
  52  4:56  Grooved Spines  
  52  4:59  Glial Reconstitution  
  52  5:04  Evolution Chamber  
  51  5:09  Drone x2  
  51  5:10  Drone  
  54  5:30  Overlord  
  54  5:32  Hatchery  
  53  5:36  Zerg Missile Weapons Level 1  
  53  5:40  Drone  
  53  5:42  Drone  
  55  5:45  Drone  
  56  5:53  Muscular Augments  
  56  6:00  Overlord  
  56  6:07  Evolution Chamber  
  56  6:09  Drone x3  
  58  6:14  Drone x2  
  58  6:15  Drone  
  58  6:17  Drone  
  62  6:38  Zerg Ground Armor Level 1  
  62  6:39  Overlord x2  
  62  6:48  Drone x4  
  62  6:51  Drone x3  
  62  6:52  Overlord  
  62  6:53  Overlord  
  69  6:56  Queen  
  69  6:59  Overlord  
  71  7:11  Roach x3, Hydralisk  
  79  7:26  Roach x3  
  79  7:27  Hydralisk x3  
  91  7:30  Hydralisk  
  93  7:44  Hydralisk x3  
  93  7:45  Hydralisk x2  
  93  7:46  Hydralisk  
  105  8:07  Overlord x2  
  105  8:08  Overlord  
  105  8:11  Drone x6  
  111  8:19  Zerg Missile Weapons Level 2  
  111  8:31  Overlord  
  111  8:33  Zerg Ground Armor Level 2  
  111  8:38  Roach  
  111  8:39  Roach, Hydralisk x2  
  111  8:40  Roach, Hydralisk x5  
  131  8:54  Overlord x2  
  131  8:57  Roach x6  
  143  9:13  Roach x6  
  157  9:17  Roach  
  131  9:51  Roach  
  131  9:52  Roach x3, Hydralisk x3  
  143  9:56  Extractor  
  143  9:57  Drone x2  
  143  9:58  Drone  
  143  9:59  Overlord  
  147  10:03  Zergling x10  
  147  10:04  Zergling x6  
  103  11:20  Hydralisk x15  
Show
View Real Time Build Order
Export as new Build Order

A.I. 1 (Very Hard) Terran 

Build Orders: 2 Factory, Mech 

Get SALT Encoding   

  8  0:00  SCV  
  9  0:13  SCV  
  10  0:25  SCV  
  11  0:37  SCV  
  12  0:46  Supply Depot  
  12  0:49  SCV  
  13  1:07  SCV  
  13  1:10  Barracks  
  14  1:19  SCV  
  15  1:31  SCV  
  16  1:43  SCV  
  17  1:50  Refinery  
  17  1:56  SCV  
  17  1:57  Marine  
  17  1:59  Supply Depot  
  19  2:08  SCV  
  20  2:14  Refinery, Marine  
  21  2:21  SCV  
  22  2:32  Marine  
  22  2:33  SCV  
  24  2:45  SCV  
  24  2:47  Factory  
  24  2:50  Marine  
  26  2:57  SCV  
  27  3:06  Factory  
  27  3:08  Marine  
  27  3:09  SCV  
  27  3:11  Supply Depot  
  29  3:23  Orbital Command  
  29  3:33  Marine  
  30  3:47  Factory Tech Lab  
  30  3:48  SCV  
  31  3:50  Marine  
  32  3:56  Factory Tech Lab  
  32  4:00  SCV  
  33  4:12  SCV  
  34  4:20  Barracks  
  34  4:24  SCV  
  35  4:36  SCV  
  36  4:39  Supply Depot  
  36  4:48  SCV  
  37  4:58  Marine  
  37  5:00  Starport, Siege Tank, SCV  
  37  5:01  Hellion  
  37  5:02  Supply Depot  
  37  5:06  Barracks Tech Lab  
  43  5:16  Barracks Tech Lab  
  43  5:22  Hellion  
  43  5:26  Stimpack, Supply Depot  
  45  5:32  Siege Tank, Marauder  
  52  5:35  Marauder  
  52  5:38  Command Center  
  52  5:48  Hellion  
  54  5:53  Supply Depot  
  54  5:54  Marauder  
  56  6:05  Siege Tank  
  56  6:07  Factory  
  56  6:09  Hellion  
  61  6:20  Supply Depot  
  61  6:23  Marine  
  61  6:25  Marine  
  63  6:26  Infernal Pre-Igniter  
  63  6:31  Hellion  
  65  6:37  Siege Tank  
  68  6:42  Marauder  
  68  6:44  Supply Depot  
  70  6:51  SCV x2  
  70  6:52  Hellion  
  70  6:54  Refinery  
  74  7:03  SCV  
  74  7:04  SCV  
  76  7:09  Siege Tank  
  76  7:13  Refinery  
  76  7:15  SCV  
  80  7:16  SCV  
  80  7:18  Siege Tank  
  84  7:27  SCV  
  84  7:29  Engineering Bay, SCV  
  86  7:34  Supply Depot  
  86  7:39  SCV  
  86  7:41  SCV  
  86  7:43  Engineering Bay  
  88  7:51  SCV  
  88  7:53  SCV  
  88  7:55  Terran Infantry Weapons Level 1  
  88  7:57  Armory  
  90  8:04  SCV  
  90  8:05  SCV  
  92  8:09  Terran Infantry Armor Level 1  
  92  8:14  Armory  
  92  8:16  SCV  
  92  8:17  SCV  
  94  8:21  Supply Depot  
  94  8:28  SCV  
  94  8:29  SCV  
  96  8:35  Missile Turret  
  96  8:38  Missile Turret  
  96  8:40  SCV  
  97  8:41  Orbital Command  
  97  8:42  Cyclone  
  97  8:44  Terran Vehicle Weapons Level 1  
  100  8:48  Cyclone  
  100  8:54  Supply Depot  
  103  8:56  Hellion  
  103  9:01  Terran Vehicle And Ship Armor Level 1, Marine  
  106  9:11  Marine  
  106  9:12  Combat Shield, Missile Turret  
  106  9:15  Medivac, Hellion  
  111  9:18  Widow Mine  
  113  9:25  Command Center  
  113  9:30  Marine  
  105  9:31  Supply Depot  
  105  9:32  Marine  
  80  9:39  Hellion  
  80  9:42  Siege Tank  
  79  9:48  Marine  
  79  9:50  Marine  
  81  10:00  Siege Tank  
  81  10:06  Marine  
  85  10:08  Marauder  
  86  10:14  Siege Tank  
  89  10:24  Marauder  
  91  10:30  Marauder  
  91  10:32  Siege Tank  
  90  10:35  SCV  
  76  10:45  Marine  
  76  10:46  Siege Tank  
  76  10:48  SCV  
  57  10:50  Marine  
  42  11:00  SCV  
  42  11:03  Marauder  
  35  11:09  Marauder  
  29  11:12  SCV  
  20  11:25  Marauder, SCV  
  8  11:37  SCV  
Tags
 
Add a new tag
Caveats
  • Supply blocks, unpowered buildings, or Contaminate may cause inaccurate times.
  • Supply counts are checked every 10 seconds.